 Dungeon Crawl Stone Soup version 0.30-a0-135-g630cfc4551 (webtiles) character file.

Game seed: 6349295453346722096

99 Hubris850 the Conjurer (level 4, 0/33 HPs)
             Began as a Draconian Conjurer on Sept 20, 2022.
             Slain by Crazy Yiuf
             ... wielding a +3 quarterstaff of chaos
              (2 damage)
             ... on level 3 of the Dungeon.
             The game lasted 00:06:01 (3090 turns).

Hubris850 the Conjurer (Draconian Conjurer)         Turns: 3090, Time: 00:06:02

Health: 0/33       AC:  5    Str:  9    XL:     4   Next: 45%
Magic:  16/16      EV: 12    Int: 21    God:
Gold:   113        SH:  0    Dex:  9    Spells: 5/8 levels left

rFire   . . .      SeeInvis .    d - +0 short sword (venom)
rCold   . . .      Faith    .    (no shield)
rNeg    . . .      Spirit   .    (body armour unavailable)
rPois   .          Reflect  .    (helmet restricted)
rElec   .          Harm     .    (no cloak)
rCorr   .          Rampage  .    (no gloves)
Will    .....                    (no boots)
Stlth   ++........               (no amulet)
HPRegen 0.11/turn                f - ring of magical power
MPRegen 0.15/turn                (no ring)

@: slowed, very slow
A: AC +5, unfitting armour, cold-blooded
a: no special abilities


You were on level 3 of the Dungeon.
You visited 1 branch of the dungeon, and saw 3 of its levels.

You collected 113 gold pieces.

Inventory:

Hand Weapons
 c - a +0 spear
 d - a +0 short sword of venom (weapon)
Missiles
 j - 6 curare-tipped darts
Jewellery
 f - a ring of magical power (left hand)
Wands
 a - a wand of iceblast (2)
Scrolls
 b - a scroll of noise {unknown}
 g - a scroll of brand weapon {unknown}
 h - 2 scrolls of identify {unknown}
 i - a scroll of amnesia {unknown}
 k - a scroll of enchant weapon {unknown}
 l - a scroll of poison {unknown}
 m - a scroll of butterflies {unknown}
 n - a scroll of fear {unknown}
 p - a scroll of acquirement {unknown}
Potions
 e - a potion of might {unknown}
 o - a potion of cancellation {unknown}


   Skills:
 + Level 1.0 Short Blades
 + Level 2.6 Dodging
 + Level 2.6 Stealth
 + Level 2.6 Spellcasting
 + Level 4.5 Conjurations


You had 5 spell levels left.
You knew the following spells:

 Your Spells              Type           Power      Damage    Failure   Level
a - Magic Dart            Conj           84%        1d7       2%          1
b - Searing Ray           Conj           42%        2d6       3%          2

Your spell library contained the following spells:

 Spells                   Type           Power      Damage    Failure   Level
 Dazzling Flash           Conj/Hex       24%        N/A       17%         3
 Fulminant Prism          Conj/Hex       6%         3d7       50%         4
 Iskenderun's Mystic Bla  Conj/Tloc      12%        2d5       50%         4


Dungeon Overview and Level Annotations

Branches:
Dungeon (3/15)

Altars:

Annotations:
D:1 2 runed translucent doors
D:3 Crazy Yiuf


Innate Abilities, Weirdness & Mutations

Your plain brown scales are hard. (AC +5)
You cannot fit into any form of body armour.
You are cold-blooded and may be slowed by cold attacks.


Message History

You start resting.
Magic restored.
You start resting.
HP restored.
a - a wand of iceblast (2);
o - a ruby potion
Things that are here:
a +0 club; a +0 ring mail You see here a hound corpse.
Found 6 stones.
You now have 113 gold pieces (gained 12).
There is an open door, spattered with blood here.
Things that are here:
a +0 short sword; 4 stones You see here a +0 short sword.
p - a scroll labelled XOTSEU TUSSO
Found a hammer.
Found a runed translucent door.
You open the door.
Casting: Searing Ray (safe; 3% risk of failure)
Confirm with . or Enter, or press ? or * to list all spells.
Aiming: Searing Ray (safe; 3% risk of failure)
Press: ? - help, Shift-Dir - straight line, f - Crazy Yiuf
Aim: Crazy Yiuf, wielding a +3 quarterstaff of chaos and wearing a +0 cloak (asleep, 100% to hit)
Okay, then.
There is an open translucent door here.
Crazy Yiuf shouts!
Crazy Yiuf closely misses you.
You hit Crazy Yiuf but do no damage. You hit Crazy Yiuf but do no damage.
Crazy Yiuf is poisoned.
Your tail-slap misses Crazy Yiuf.
Crazy Yiuf hits you with a +3 quarterstaff of chaos!
You feel yourself slow down. Crazy Yiuf freezes you.
You hit Crazy Yiuf.
Crazy Yiuf looks even sicker.
Crazy Yiuf is moderately wounded.
Crazy Yiuf hits you with a +3 quarterstaff of chaos!
Crazy Yiuf draws strength from your wounds!
Crazy Yiuf hits you with a +3 quarterstaff of chaos!
* * * LOW HITPOINT WARNING * * *
You feel as though you will be slow longer.
Crazy Yiuf freezes you.
You die...

♣..P♣♣
♣♣.♣♣
###
♣.♣♣
..#
♣♣.♣
..#
♣.♣♣
..#
♣♣.♣
..#
##'##
..#
#...#
..#
#.@.#
..#
#.g)#
..#
#####
..#
..#
[.#
.(#
.###
...#


You could see Crazy Yiuf (very poisoned).

Vanquished Creatures
  A hound (D:3)
  Ijyb (D:3)
  An orc (D:3)
  5 ball pythons
  2 endoplasms
  5 giant cockroaches
  3 goblins
  4 hobgoblins
  2 kobolds
  4 quokkas
  4 bats
  4 frilled lizards
  3 rats
39 creatures vanquished.

Notes
Turn   | Place    | Note
-------+----------+-------------------------------------------
     0 | D:1      | Hubris850 the Draconian Conjurer began the quest for the
                  | Orb.
     0 | D:1      | Reached XP level 1. HP: 14/14 MP: 3/3
   685 | D:1      | Found a large runed translucent door.
   685 | D:1      | Found a large runed translucent door.
   703 | D:1      | Reached XP level 2. HP: 20/20 MP: 0/5
   932 | D:1      | You fall into a shaft and drop 1 floor!
  1512 | D:1      | Learned a level 2 spell: Searing Ray
  2080 | D:2      | Reached XP level 3. HP: 24/26 MP: 6/6
  2887 | D:3      | Reached XP level 4. HP: 31/33 MP: 7/7
  2893 | D:3      | Noticed Ijyb
  2906 | D:3      | Killed Ijyb
  2907 | D:3      | Reached skill level 1 in Short Blades
  3080 | D:3      | Found a runed translucent door.
  3081 | D:3      | Noticed Crazy Yiuf
  3090 | D:3      | Slain by Crazy Yiuf

Illustrated notes

Levels and vault maps discovered:
D:1:      erik_arrival_cave_to_civilisation [erik_arrival_cave_to_temple],
          layout_loops_ring
D:2:      layout_loops_ring
D:3:      layout_basic, dreamdust_ecumenical_altar_sealed_demon,
          minmay_liquid_box, uniq_ijyb, uniq_crazy_yiuf_cottage

Skill      XL: |  1  2  3  4 |
---------------+-------------+-----
Dodging        | 2 |  2.6
Stealth        | 2 |  2.6
Short Blades   | 1 |  1.0
Spellcasting   | |  2.6
Conjurations   | |  4.5

Action                   |  1- 3 |  4- 6 || total
-------------------------+-------+-------++-------
Melee: Unarmed           |    19 |       ||    19
       Spear             |     3 |       ||     3
       Tailslap          |     2 |       ||     2
       Punch             |     1 |       ||     1
       Short sword       |     6 |     3 ||     9
 Cast: Magic Dart        |    59 |     6 ||    65
       Searing Ray       |     2 |     3 ||     5
  Use: Potion            |       |     1 ||     1
 Stab: Sleeping          |     1 |       ||     1
Armor: Skin              |     6 |       ||     6
Dodge: Dodged            |    19 |     4 ||    23

Table legend: (Time is in decaauts)
 A = Elapsed time spent in this place.
 B = Non-inter-level travel time spent in this place.
 C = Inter-level travel time spent in this place.
 D = Time resting spent in this place.
 E = Time spent auto-exploring this place.
 F = Levels seen in this place.
 G = Mean time per level.
                   A        B        C        D        E       F      G
               +--------+--------+--------+--------+--------+-----+--------+
         Total |   3087 |   2846 |    241 |    809 |   1732 |   3 | 1029.0 |
       Dungeon |   3087 |   2846 |    241 |    809 |   1732 |   3 | 1029.0 |
               +--------+--------+--------+--------+--------+-----+--------+

Top non-repeatable levels by time:
     D:1: 1834 daAuts
     D:2: 875 daAuts
     D:3: 378 daAuts
